Cogmind - Beta 15 @@@ ROGUE MODE // 2025.08.30 @ 07:40:11 Player: beans Result: Destroyed by Y-45 Defender with Heavy Assault Rifle Performance ------------- Evolutions (2) 1000 Regions Visited (4) 800 Robots Destroyed (24) 120 Value Destroyed (558) 558 Prototype IDs (0) 0 Alien Tech Used (0) 0 Bonus (0) 0 TOTAL SCORE: 2478 Bonus ------- None Cogmind --------- Core Integrity 0/550 Matter 40/300 Energy 94/100 System Corruption 0% Temperature Warm (138) Movement Core (200) Ox3 Location -8/Materials Parts ------- > --- POWER (1) -------- (None) > --- PROPULSION (2) --- (None) > --- UTILITY (5) ------ Targeting Computer Hacking Suite System Shield > --- WEAPON (3) ------- Assault Cannon Assault Cannon > --- INVENTORY (5) ---- Cooling System Peak State ------------ > --- POWER ------------ (None) > --- PROPULSION ------- (None) > --- UTILITY ---------- Structural Scanner Targeting Computer Armor Integrity Analyzer Matter Filter Hacking Suite > --- WEAPON ----------- Medium Laser Assault Rifle Heavy Assault Rifle > --- INVENTORY -------- (None) [Rating: 17] Favorites ----------- Power Ion Engine Engine Ion Engine Propulsion Light Treads Treads Light Treads Utility Targeting Computer Device Structural Scanner Processor Targeting Computer Hackware Hacking Suite Weapon Medium Laser Energy Gun Medium Laser Ballistic Gun Assault Rifle Ballistic Cannon Assault Cannon Build | -11 -10 -10 -9 -8 ------- Run | Yrd Mat Min Mat Mat Slots Evolved 4 | . . . 2 2 Power . | . . . . . Propulsion . | . . . . . Utility 3 | . . . 1 2 Weapon 1 | . . . 1 . Parts Attached 16 | 5 2 . 2 7 Power 1 | 1 . . . . Engine 1 | 1 . . . . Core . | . . . . . Reactor . | . . . . . Propulsion 2 | 2 . . . . Treads 2 | 2 . . . . Leg . | . . . . . Wheel . | . . . . . Hover . | . . . . . Flight . | . . . . . Utility 6 | . 2 . . 4 Device 2 | . 1 . . 1 Storage . | . . . . . Processor 2 | . 1 . . 1 Hackware 2 | . . . . 2 Protection . | . . . . . Artifact . | . . . . . Weapon 7 | 2 . . 2 3 Energy Gun 2 | 2 . . . . Energy Cannon . | . . . . . Ballistic Gun 2 | . . . 2 . Ballistic Cannon 3 | . . . . 3 Launcher . | . . . . . Special Weapon . | . . . . . Impact Weapon . | . . . . . Slashing Weapon . | . . . . . Piercing Weapon . | . . . . . Special Melee Weapon . | . . . . . Unidentified Prototypes . | . . . . . Parts Lost 11 | . . . 4 7 Power 1 | . . . 1 . Propulsion 2 | . . . 2 . Utility 3 | . . . . 3 Weapon 5 | . . . 1 4 Highest Loss Streak 5 | . . . 3 5 To Critical Strikes . | . . . . . Average Backups . | . . 1 1 1 Power . | . . . . . Propulsion . | . . . . . Utility . | . . . . 1 Weapon . | . . 1 . . Tool/Special . | . . . . . Unused Backups 1 | . . . . 1 Power . | . . . . . Propulsion . | . . . . . Utility 1 | . . . . 1 Weapon . | . . . . . Tool/Special . | . . . . . Average Slot Usage (%) 75 | . 92 100 69 50 Engine 7 | . 14 14 6 . Treads 16 | . 28 28 15 . Device 10 | . 8 14 11 8 Processor 12 | . 12 14 11 14 Hackware 2 | . . . . 9 Energy Gun 17 | . 28 28 16 3 Ballistic Gun 5 | . . . 9 10 Ballistic Cannon 1 | . . . . 4 Peak Build Rating 17 | 5 7 7 8 17 Average Rating 7 | 3 6 7 6 12 On Entrance 5 | . 5 7 7 6 Naked Turns . | . . . . . Heaviest Build 15 | 9 10 10 12 15 Greatest Support 40 | 40 40 40 40 3 Greatest Overweight (x) 4 | . . . 2 4 Average Overweight (x) . | . . . . . Largest Inventory Capacity 5 | 5 5 5 5 5 Average Capacity 5 | 5 5 5 5 5 Most Carried 3 | 3 1 1 2 3 Average Carried . | . . 1 1 . Final Capacity 5 | 5 5 5 5 5 Final Carried 1 | . 1 1 1 1 Class Distribution -------------------- 71% | Mutant 19% | Gunner 4% | Hacker-Mutant 4% | Hacker-Gunner Dominant Class ---------------- Mutant | -10/Materials Mutant | -10/Mines Mutant | -9/Materials Gunner | -8/Materials Resources | -11 -10 -10 -9 -8 ----------- Run | Yrd Mat Min Mat Mat Matter Collected 382 | 175 . 95 35 77 Remotely . | . . . . . Salvage Created 756 | . . 94 346 316 Parts 51 | . . 12 23 16 Haulers Intercepted 1 | . . . 1 . Recyclers Shooed 1 | . . 1 . . Parts Field Recycled . | . . . . . Retrieved Matter . | . . . . . Parts Self-Destructed . | . . . . . Prevented . | . . . . . Kills | -11 -10 -10 -9 -8 ------- Run | Yrd Mat Min Mat Mat Combat Hostiles Destroyed 18 | . . 6 7 5 Guns 14 | . . 6 7 1 Cannons 4 | . . . . 4 Classes Destroyed 7 | . . 1 4 2 Builder 2 | . . . . 2 Hauler 1 | . . . 1 . Recycler 1 | . . . . 1 Operator 2 | . . . 1 1 Swarmer 8 | . . 6 2 . Grunt 7 | . . . 3 4 Sentry 3 | . . . 2 1 Best Kill Streak 5 | . . 3 4 5 Combat Bots Only 4 | . . 3 4 4 Max Kills in Single Turn 2 | . . 2 1 1 Gunslinging 1 | . . 1 . . Exploded . | . . . . . Melee . | . . . . . Uniques/NPCs Destroyed . | . . . . . Combat | -11 -10 -10 -9 -8 -------- Run | Yrd Mat Min Mat Mat Hostile Shots Fired 199 | . . 16 68 115 Missed 52 | . . 1 22 29 Hits 147 | . . 15 46 86 Melee 1 | . . . 1 . Projectile 146 | . . 15 45 86 Critical Strikes 7 | . . . 3 4 Damage Taken 1883 | . . 119 575 1189 Core 682 | . . 25 94 563 Absorbed by Shields . | . . . . . Core Remaining (%) 88 | 100 . 90 76 . Volleys Fired 63 | . 1 8 29 25 Largest 3 | . 2 2 3 3 Hottest 120 | . 100 100 120 111 Shots Fired 152 | . 2 16 72 62 Gun 116 | . 2 16 72 26 Cannon 36 | . . . . 36 Launcher . | . . . . . Special . | . . . . . Kinetic 87 | . . . 29 58 Thermal 65 | . 2 16 43 4 Explosive . | . . . . . Electromagnetic . | . . . . . Robot Hit Streak 9 | . . 3 9 8 Robot Miss Streak 4 | . 2 4 3 3 Penetration Max . | . . . . . Secondary Targets 4 | . . 2 1 1 Max Gunslinging Chain 1 | . . 1 1 1 Shots Hit Robots 90 | . . 8 46 36 Core Hits 38 | . . 6 16 16 Critical Kills . | . . . . . Critical Parts Destroyed . | . . . . . Critical Strikes 4 | . . 1 1 2 Burn 3 | . . 1 1 1 Blast 1 | . . . . 1 Melee Attacks . | . . . . . Impact . | . . . . . Slashing . | . . . . . Piercing . | . . . . . Sneak Attacks . | . . . . . Combat Hostiles . | . . . . . Follow-up Attacks . | . . . . . Damage Inflicted 1381 | . . 100 595 686 Guns 943 | . . 100 595 248 Cannons 438 | . . . . 438 Explosions . | . . . . . Melee . | . . . . . Ramming . | . . . . . Kinetic 906 | . . . 246 660 Thermal 475 | . . 100 349 26 Explosive . | . . . . . Electromagnetic . | . . . . . Impact . | . . . . . Slashing . | . . . . . Piercing . | . . . . . Highest Corruption . | . . . . . Average Corruption . | . . . . . Corruption Purged . | . . . . . Corruption Blocked . | . . . . . Overload Shots . | . . . . . Overflow Damage . | . . . . . Projectiles . | . . . . . Explosions . | . . . . . Melee . | . . . . . Knockbacks 4 | . . . . 4 Impact . | . . . . . Kinetic 4 | . . . . 4 Secondary . | . . . . . Self-Inflicted Damage . | . . . . . Shots . | . . . . . Rammed . | . . . . . Targets Rammed . | . . . . . Kicked . | . . . . . Crushed . | . . . . . Highest Temperature 217 | . 39 117 202 217 Average Temperature 82 | . 20 57 81 113 Received Heat Transfer 714 | . . . 219 495 Effects 1 | . . . . 1 Interference 1 | . . . . 1 Siege Activations . | . . . . . Martial Activations . | . . . . . Shielding Activations . | . . . . . Robots Disrupted . | . . . . . Combat Hostiles . | . . . . . Robots Corrupted . | . . . . . Combat Hostiles . | . . . . . Parts Fried . | . . . . . Impact Corruptions . | . . . . . Robots Melted . | . . . . . Combat Hostiles . | . . . . . Parts Melted . | . . . . . Heat Transferred 1628 | . . 370 1110 148 Parts Sabotaged . | . . . . . Parts Stolen . | . . . . . Parts Stripped . | . . . . . Power Chain Reactions . | . . . . . Alert | -11 -10 -10 -9 -8 ------- Run | Yrd Mat Min Mat Mat Maximum Alert Level . | . . . . . Low Security (%) 100 | 100 100 100 100 100 Level 1 . | . . . . . Level 2 . | . . . . . Level 3 . | . . . . . Level 4 . | . . . . . Level 5 . | . . . . . High Security . | . . . . . Max Security . | . . . . . Peak Influence 147 | . . 115 127 147 Initial 48 | . . . 37 48 Average 40 | . . 91 65 35 Influence Increases 606 | . . 155 227 224 Destroy 0b10 Robot/C 360 | . . 120 140 100 Destroy 0b10 Robot/NC 30 | . . . 10 20 Destroy Leader 72 | . . 20 32 20 Destroy Structure 9 | . . . . 9 Lose Combat Pursuer 135 | . . 15 45 75 Influence Decreases 478 | . . 60 208 210 Entered New Map 124 | . . . 58 66 Time Decay 263 | . . 60 110 93 Lost Part 91 | . . . 40 51 Squads Dispatched 4 | . . . 1 3 Investigation 1 | . . . . 1 Extermination . | . . . . . Reinforcement 1 | . . . 1 . Assault . | . . . . . Garrison 2 | . . . . 2 Intercept . | . . . . . Searches Triggered . | . . . . . Construction Impeded . | . . . . . Haulers Reinforced . | . . . . . Active Scanning Responses . | . . . . . Cargo Convoy Interrupts . | . . . . . Stealth | -11 -10 -10 -9 -8 --------- Run | Yrd Mat Min Mat Mat Distress Signals 1 | . . . . 1 Communications Jammed . | . . . . . Distress Signals . | . . . . . Times Spotted 36 | . 2 7 12 15 Peak Tracking Total 8 | . 2 3 5 8 Tactical Retreats 5 | . . 1 2 2 Traps | -11 -10 -10 -9 -8 ------- Run | Yrd Mat Min Mat Mat Traps Triggered 1 | . . . . 1 Indirectly . | . . . . . Trap Hack Attempts . | . . . . . Triggered . | . . . . . Disarmed . | . . . . . Reprogrammed . | . . . . . Reused . | . . . . . Traps Extracted . | . . . . . Installed . | . . . . . Triggered . | . . . . . Machines | -11 -10 -10 -9 -8 ---------- Run | Yrd Mat Min Mat Mat Machines Disabled . | . . . . . Max in Single Turn . | . . . . . Machines Repaired . | . . . . . Machines Dismantled . | . . . . . Machines Sabotaged . | . . . . . Overloaded Fab Kills . | . . . . . Hacking | -11 -10 -10 -9 -8 --------- Run | Yrd Mat Min Mat Mat Machines Accessed 1 | . . 1 . . Terminals 1 | . . 1 . . Fabricators . | . . . . . Repair Stations . | . . . . . Recycling Units . | . . . . . Scanalyzers . | . . . . . Garrison Access . | . . . . . Total Hacks 4 | . . 4 . . Successful 3 | . . 3 . . Failed 1 | . . 1 . . Catastrophic . | . . . . . Database Lockouts . | . . . . . Manual . | . . . . . Terminals 4 | . . 4 . . Fabricators . | . . . . . Repair Stations . | . . . . . Recycling Units . | . . . . . Scanalyzers . | . . . . . Garrison Access . | . . . . . Terminal Hacks 3 | . . 3 . . Record 3 | . . 3 . . Fabricator Hacks . | . . . . . Repair Station Hacks . | . . . . . Recycling Unit Hacks . | . . . . . Scanalyzer . | . . . . . Garrison Access Hacks . | . . . . . Unauthorized Hacks . | . . . . . Terminals . | . . . . . Fabricators . | . . . . . Repair Stations . | . . . . . Recycling Units . | . . . . . Scanalyzers . | . . . . . Garrison Access . | . . . . . Data Cores Recovered 1 | . . . . 1 Used . | . . . . . Hacking Detections 1 | . . 1 . . Full Trace Events . | . . . . . Feedback Events . | . . . . . Feedback Blocked . | . . . . . Robot Schematics Acquired . | . . . . . Robots Built . | . . . . . Authchips . | . . . . . Time . | . . . . . Total Robot Build Rating . | . . . . . Part Schematics Acquired . | . . . . . Parts Built . | . . . . . Authchips . | . . . . . Time . | . . . . . Total Part Build Rating . | . . . . . Parts Repaired . | . . . . . Time . | . . . . . Parts Recycled . | . . . . . Recycled Matter . | . . . . . Retrieved Matter . | . . . . . Retrieved Components . | . . . . . Parts Scanalyzed . | . . . . . Part Schematics Acquired . | . . . . . Parts Damaged . | . . . . . Bothacking | -11 -10 -10 -9 -8 ------------ Run | Yrd Mat Min Mat Mat Used RIF Installer . | . . . . . Robots Hacked . | . . . . . Non-combat . | . . . . . Combat . | . . . . . Robot Hacks Applied . | . . . . . Relay Couplers Released . | . . . . . Fabnet Peak Effective % . | . . . . . Robots Rewired . | . . . . . Allies Hacked . | . . . . . Hacks Repelled . | . . . . . Allies | -11 -10 -10 -9 -8 -------- Run | Yrd Mat Min Mat Mat Total Allies . | . . . . . Largest Group . | . . . . . Highest-Rated Group . | . . . . . Highest-Rated Ally . | . . . . . Total Orders . | . . . . . Ally Attacks . | . . . . . Total Damage . | . . . . . Kills . | . . . . . Allies Corrupted . | . . . . . Allies Melted . | . . . . . Intel | -11 -10 -10 -9 -8 ------- Run | Yrd Mat Min Mat Mat Active Infowar (turns) 624 | . 133 134 221 136 Structural 624 | . 133 134 221 136 Robot Analysis Total . | . . . . . Derelict Logs Recovered . | . . . . . Drone Launches . | . . . . . Drone Recoveries . | . . . . . Exploration | -11 -10 -10 -9 -8 ------------- Run | Yrd Mat Min Mat Mat Turns Passed 860 | 77 197 134 221 231 Spaces Moved 460 | 51 119 68 80 142 Core 164 | 12 . . 10 142 Treads 296 | 39 119 68 70 . Legs . | . . . . . Wheels . | . . . . . Hover . | . . . . . Flight . | . . . . . Fastest Speed 50 | 50 160 160 150 50 Average Speed 137 | 134 160 160 158 96 Slowest Speed 250 | 160 160 160 160 250 Overloaded Moves . | . . . . . Propulsion Burnouts . | . . . . . Robots Hopped . | . . . . . Potential Cave-ins . | . . . . . Cave-ins Triggered . | . . . . . Exploration Rate (%) 18 | 4 29 26 12 22 Regions Visited 4 Branch Regions 1 Pre-discovered Areas . | . . . . . Known Exits Taken . | . . . . . Unknown Exits Taken 4 | 1 1 1 1 . Scrap Searched 1 | . . 1 . . Spaces Dug . | . . . . . Terrain Destroyed 7 | . . . . 7 Melee . | . . . . . Projectile 7 | . . . . 7 AOE . | . . . . . Terrain Rammed . | . . . . . Walls Destroyed . | . . . . . Machines Disabled . | . . . . . Actions | -11 -10 -10 -9 -8 --------- Run | Yrd Mat Min Mat Mat Total 561 | 60 124 77 113 187 Wait 9 | . . 2 1 6 Move 456 | 50 118 67 79 142 Hop . | . . . . . Pick Up 17 | 5 3 . 2 7 Fast Attach . | . . . . . Attach 16 | 5 2 . 2 7 Detach . | . . . . . Swap . | . . . . . Drop . | . . . . . Fire 63 | . 1 8 29 25 Melee . | . . . . . Ram . | . . . . . Kick . | . . . . . Crush . | . . . . . Escape Stasis . | . . . . . Rewire . | . . . . . Trap . | . . . . . Miscellaneous . | . . . . . Route ------- -11/Scrapyard -10/Materials -10/Mines -9/Materials -8/Materials History --------- Turn | Location | Event 4 | -11/Scrapyard | Discovered new exit (range 15) 78 | -11/Scrapyard | Entered Materials 251 | -10/Materials | Discovered new exit (range 14) 275 | -10/Materials | Entered Mines 315 | -10/Mines | Build established: Mutant 362 | -10/Mines | Discovered new exit (range 14) 409 | -10/Mines | Entered Materials 409 | -9/Materials | Evolved 2 slots: Utility x1, Weapon x1 566 | -9/Materials | Lost 3 parts (1p1n1w) 588 | -9/Materials | Discovered new exit (range 8) 630 | -9/Materials | Entered another Materials area 630 | -8/Materials | Evolved 2 slots: Utility x2 750 | -8/Materials | Garrison activated, responded to threat 797 | -8/Materials | Lost 5 parts (2u3w) 801 | -8/Materials | Core integrity fell below 50% 822 | -8/Materials | Core integrity fell below 20% 861 | -8/Materials | Destroyed by Y-45 Defender with Heavy Assault Rifle Last Messages --------------- R-06 Scavenger collects Aluminum Leg. U-05 Engineer builds a Wall. Slug penetrates Wall. R-06 Scavenger collects Carbon-fiber Leg. U-05 Engineer builds a Wall. G-47 Trooper destroyed. U-05 Engineer builds a Wall. Slug penetrates Y-45 Defender. R-06 Scavenger collects Aluminum Leg. R-06 Scavenger destroyed. U-05 Engineer builds a Wall. Y-45 Defender destroyed. Overheating: System interference. Targeting Computer temporarily disabled. Slug penetrates Wall. U-05 Engineer builds a Door. Slug penetrates Wall. Assault Cannon destroyed. U-05 Engineer builds a Wall. Y-45 Defender Heat Sink blasted off. Map ----- +----------------------------------------------------+ | ???????????????????????????????????????? | | ???????????????????????????????????????? | | ???????????????????????????????????????? | | ???????????????????????????????????????? | | ???????????????????????????????????????? | | ???????????????????????????????????????? | | ???????????????????????????????????????? | | ???????????????????????????? ??????????? | | ?????????????????????? "???? +????????? | | ?????????????????????? ???? #????????? | | ??????????????????????#+???# ##???????? | | ??????????????????????# ### #???????? | | ??????????????????????? #???????? | | ?????????????????????# +???????? | | ?????????????????????#"" #???????? | | ?????????????????????#"T #????????? | | ?????????????????????#"" #????????? | | ?????????????????????# [[=#????????? | | ?????????????????????# [==#????????? | | ???? ?????#+#??????# [==#????????? | | ??# "???# #??????# #????????? | | ??# """## ##;#####* #????????? | | ??# + %%% = #????????? | | ??# """# =%%=== #????????? | | ??# "??# ########==% = #????????? | | ???? ????# #?????##%! @ #????????? | | ???????????# #?????## #????????? | | ??????????##+########% #????????? | | ??????????# # << #????????? | | #?????????# #[ #????????? | | ##????????# %Y% #????????? | | !#????????# !# #????????? | | #????????# #u +????????? | | ########## % #######^^^#????????? | | + ##????? #????????? | | ########### #?????? #????????? | | #?????????#### ######?????? #????????? | | #?????????????##??????????? #????????? | | #?????????????????????????? #????????? | | #?????????????????????????? ??????????? | | #??????????????????????????????????????? | | #??????????????????????????????????????? | | +??????????????????????????????????????? | | #??????????????????????????????????????? | | #??????????????????????????????????????? | | #??????????????????????????????????????? | | #??????????????????????????????????????? | | #??????????????????????????????????????? | | #??????????????????????????????????????? | | #??????????????????????????????????????? | +----------------------------------------------------+ Best States ------------- Heat Dissipation 31 Energy Generation 10 Energy Capacity 250 Matter Stores 300 Matter Capacity 300 Sight Range 16 Terrain Scan Density 10 Evasion (%) 50 Targeting Accuracy 5 Armor Integrity Analysis 30 Recoil Reduction 2 Matter Filtering 30 Offensive Hacking 10 Defensive Hacking 10 Item Schematics ----------------- None Robot Schematics ------------------ None Fabricated ------------ Nothing Repaired ---------- Nothing Alien Tech Used ----------------- None Achievements -------------- None Challenges ------------ None Game ------ Seed SchematicWeldingPenetrator Manual? 0 Play Time 00:07:10 Cumulative 113.1 hours Start 2025.08.30 @ 07:34:55 End 2025.08.30 @ 07:40:11 Sessions 1 Manual Loads 0 Difficulty Rogue Special Mode None Game No. 417 Rogue 417 Adventurer 0 Explorer 0 Win Type - Total 0 Types 0/0/0/0/0/0/0/0/0/0 Lore% 44 Gallery% 44 Achievement% 31 Wizard Run 0 Options --------- Layout 2 ASCII 0 Keyboard 0 Movement Mouse Keybinds 0 Fullscreen 2 Font 24/Smallcaps Map View 50x44 Zoom Use 0% Tactical HUD 0 Map Filters NONE Filters NONE Steam 1 RUN: bdd8768a-a433-4f12-b08a-006c39d4782e